 Dungeon Crawl Stone Soup version 0.31-a0-569-g7ea453304b (webtiles) character file.

Game seed: 5450926530326106827

1183 wajtan the Slasher (level 8, 0/70 HPs)
             Began as a Minotaur Fighter on Aug 18, 2023.
             Slain by a gnoll
             ... wielding a +0 spear
              (1 damage)
             ... while paralysed by Grinder
             ... on level 5 of the Dungeon.
             The game lasted 00:15:47 (3526 turns).

wajtan the Slasher (Minotaur Fighter)               Turns: 3526, Time: 00:15:47

Health: 0/70       AC: 10    Str: 23    XL:     8   Next: 19%
Magic:  7/7        EV:  2    Int:  5    God:
Gold:   197        SH:  0    Dex: 10    Spells: 7/7 levels left

rFire   . . .        x - +0 falchion (flame)
rCold   . . .        w - +2 tower shield
rNeg    . . .        b - +0 scale mail
rPois   .            (helmet restricted)
rElec   .            n - +0 cloak
rCorr   .            v - +0 pair of gloves
SInv    .            (no boots)
Will    .....        (no amulet) Stlth
                     (no ring)
HPRegen 0.31/turn    (no ring)
MPRegen 0.10/turn

%: no passive effects
@: paralysed, lethally poisoned (0 -> -2)
A: horns 2, retaliatory headbutt
a: no special abilities


You were on level 5 of the Dungeon.
You visited 1 branch of the dungeon, and saw 5 of its levels.

You collected 197 gold pieces.

Inventory:

Hand Weapons
 a - a +0 long sword
 x - a +0 falchion of flaming (weapon)
Missiles
 j - 2 throwing nets
Armour
 b - a +0 scale mail (worn)
 n - a +0 cloak (worn)
 v - a +0 pair of gloves (worn)
 w - a +2 tower shield (worn)
Scrolls
 c - 2 scrolls of vulnerability {unknown}
 e - 2 scrolls of noise {unknown}
 f - 2 scrolls of teleportation {unknown}
 g - 2 scrolls of enchant weapon {unknown}
 h - 4 scrolls of identify {unknown}
 m - 2 scrolls of brand weapon {unknown}
 o - a scroll of fear {unknown}
 s - a scroll of amnesia {unknown}
 y - a scroll of enchant armour {unknown}
Potions
 d - a potion of might
 i - 2 potions of heal wounds {unknown}
 k - a potion of curing {unknown}
 l - a potion of mutation {unknown}
 p - 4 potions of lignification {unknown}
 q - a potion of berserk rage {unknown}
 r - 2 potions of cancellation {unknown}
 t - 2 potions of brilliance {unknown}
 u - a potion of haste {unknown}
 z - a potion of invisibility {unknown}
 A - a potion of magic {unknown}
 B - 2 potions of degeneration {unknown}


   Skills:
 + Level 5.8 Fighting
 + Level 7.6 Long Blades
 + Level 5.9 Armour
 + Level 3.2 Dodging
 + Level 0.3 Stealth
 + Level 6.2 Shields


You had 7 spell levels left.
You didn't know any spells.
Your spell library contained the following spells:

 Spells                   Type           Power      Damage    Failure   Level
 Leda's Liquefaction      Hex/Erth       0%         N/A       100%        4
 Lee's Rapid Deconstruct  Erth           0%         3d4*      100%        5
 Leda's Unmaking          Conj/Erth      0%         9d1       100%        6


Dungeon Overview and Level Annotations

Branches:
Dungeon (5/15)
 Temple: D:4-7

Altars:
Fedhas

Annotations:
D:5 Grinder


Innate Abilities, Weirdness & Mutations

You have a pair of horns on your head.
You reflexively headbutt those who attack you in melee.


Message History

You feel very sick. You block the hound's attack.
The gnoll sergeant hits you but does no damage.
Grinder blinks!
The gnoll barely misses you. You block the hound's attack.
You closely miss Grinder. You headbutt Grinder!
Grinder is heavily wounded.
You feel sick. You block the hound's attack.
The gnoll sergeant hits you but does no damage.
Grinder gestures at you.
You suddenly lose the ability to move!
The gnoll hits you but does no damage. The hound bites you but does no damage.
The gnoll hits you but does no damage. Grinder hits you but does no damage.
An orc comes into view. It is wielding a +0 morningstar.
The gnoll sergeant hits you but does no damage.
You feel sick.
The orc shouts!
The hound bites you but does no damage.
The gnoll sergeant hits you but does no damage.
An orc comes into view. It is wielding a +0 flail.
The gnoll hits you but does no damage. Grinder hits you.
You writhe in agony.
You feel sick.
The hound bites you but does no damage. x2
The gnoll sergeant hits you but does no damage.
The gnoll hits you from afar with a +0 spear.
* * * LOW HITPOINT WARNING * * *
Grinder barely misses you.
You feel sick. The hound bites you but does no damage.
The gnoll sergeant hits you with a +0 spear.
* * * LOW HITPOINT WARNING * * *
The gnoll hits you but does no damage.
A gnoll comes into view. It is wielding a +0 whip.
Grinder hits you but does no damage.
You feel sick. The hound barely misses you.
The hound bites you but does no damage.
The gnoll sergeant hits you with a +0 spear.
* * * LOW HITPOINT WARNING * * *
Grinder gestures at you. Pain shoots through your body!
* * * LOW HITPOINT WARNING * * *
The gnoll hits you from afar with a +0 spear.
You die...

........).....[..
####''''######### .
#....# .. #....# .g.
#....#
##'o#######.)..########
#...o....!#....#.......
'....g.)..'....'..8#
#.....g@h.'....'..8#
#......5..#8..8#......#
#######################


You could see Grinder, a gnoll sergeant, a hound, 2 gnolls and 2 orcs.

Vanquished Creatures
  A centaur (D:5)
  An ogre (D:4)
  2 phantoms (D:4)
  A scorpion (D:5)
  2 howler monkeys (D:5)
  A bullfrog zombie (D:4)
  A centaur zombie (D:4)
  2 hounds (D:4)
  A bullfrog skeleton (D:4)
  A jelly (D:5)
  An iguana (D:4)
  2 sleepcaps (D:5)
  2 scorpion zombies (D:4)
  3 orc wizards (D:4)
  5 hound skeletons (D:4)
  2 hound zombies (D:4)
  5 gnolls (D:5)
  8 adders
  A howler monkey skeleton (D:4)
  A white imp (D:5)
  3 adder zombies (D:4)
  2 worms (D:2)
  2 dart slugs
  16 orcs
  12 ball pythons
  4 endoplasms
  5 giant cockroaches
  6 goblins
  6 hobgoblins
  5 jackals
  5 quokkas
  5 bats
  A frilled lizard (D:1)
  4 kobolds
  5 rats
124 creatures vanquished.

Notes
Turn   | Place    | Note
-------+----------+-------------------------------------------
     0 | D:1      | wajtan the Minotaur Fighter began the quest for the Orb.
     0 | D:1      | Reached XP level 1. HP: 19/19 MP: 0/0
   215 | D:1      | Reached XP level 2. HP: 27/27 MP: 1/1
   771 | D:2      | Reached skill level 3 in Long Blades
   771 | D:2      | Reached XP level 3. HP: 33/33 MP: 2/2
   912 | D:2      | Found a faded altar of an unknown god.
  1426 | D:3      | Found a blossoming altar of Fedhas.
  1584 | D:3      | Reached XP level 4. HP: 41/41 MP: 3/3
  2301 | D:4      | Noticed an ogre
  2310 | D:4      | Reached skill level 4 in Long Blades
  2310 | D:4      | Reached XP level 5. HP: 46/47 MP: 4/4
  2323 | D:4      | Killed an ogre
  2324 | D:4      | Reached skill level 5 in Armour
  2324 | D:4      | Reached skill level 1 in Dodging
  2351 | D:4      | Reached skill level 5 in Fighting
  2354 | D:4      | Reached XP level 6. HP: 52/56 MP: 5/5
  2360 | D:4      | Reached skill level 5 in Long Blades
  2612 | D:4      | Reached skill level 6 in Long Blades
  2612 | D:4      | Reached XP level 7. HP: 61/61 MP: 6/6
  2933 | D:4      | Reached skill level 5 in Shields
  3178 | D:5      | Entered Level 5 of the Dungeon
  3297 | D:5      | Reached skill level 7 in Long Blades
  3345 | D:5      | Reached XP level 8. HP: 47/69 MP: 7/7
  3507 | D:5      | Noticed Grinder
  3511 | D:5      | Paralysed by Grinder for 4 turns
  3522 | D:5      | Paralysed by Grinder for 5 turns
  3526 | D:5      | HP: 1/70 [Grinder/nerve-wracking pain (11)]
  3526 | D:5      | Slain by a gnoll

Illustrated notes

Levels and vault maps discovered:
D:1:      dpeg_arrival_simpleton_c, layout_basic, due_unseen_surprise
D:2:      minmay_skewed_foursquare, layout_rooms,
          shapermc_ecumenical_altar_starsandcircs, minivault_25,
          kennysheep_cross_room, minmay_hedge_maze
D:3:      layout_loops_ring, mainiacjoe_overflow_small_starburst,
          kennysheep_big_empty_room, minmay_snake_closets
D:4:      layout_loops_ring, serial_undead, serial_undead_d, serial_undead_d,
          serial_undead_a, serial_undead_a, serial_undead_d, serial_undead_e
D:5:      lemuel_castle_with_subvaults [lemuel_castle_interior_carwin_2],
          layout_loops_ring, kennysheep_mini_moat, minmay_temple_entry_grid,
          moated_statue, nicolae_shop_unique_rings, kennysheep_generic_room_7,
          uniq_grinder

Skill      XL: |  1  2  3  4  5  6  7  8 |
---------------+-------------------------+-----
Fighting       | 4 5 |  5.8
Armour         | 4 5 |  5.9
Shields        | 4 5 6 |  6.2
Long Blades    | 3 4 6 7 |  7.6
Dodging        | 1 2 3 |  3.2
Stealth        | |  0.3

Action                     |  1- 3 |  4- 6 |  7- 9 || total
---------------------------+-------+-------+-------++-------
  Melee: Long sword        |   103 |    99 |       ||   202
         Headbutt          |    10 |    22 |    50 ||    82
         Falchion          |       |    44 |   175 ||   219
 Armour: Scale mail        |    36 |    66 |    89 ||   191
  Dodge: Dodged            |    46 |    67 |    35 ||   148
  Block: Buckler           |    16 |    15 |       ||    31
         Tower shield      |       |    48 |   146 ||   194

Table legend: (Time is in decaauts)
 A = Elapsed time spent in this place.
 B = Non-inter-level travel time spent in this place.
 C = Inter-level travel time spent in this place.
 D = Time resting spent in this place.
 E = Time spent auto-exploring this place.
 F = Levels seen in this place.
 G = Mean time per level.
                   A        B        C        D        E       F      G
               +--------+--------+--------+--------+--------+-----+--------+
         Total |   3634 |   3422 |    212 |      0 |   2425 |   5 |  726.8 |
       Dungeon |   3634 |   3422 |    212 |      0 |   2425 |   5 |  726.8 |
               +--------+--------+--------+--------+--------+-----+--------+

Top non-repeatable levels by time:
     D:4: 939 daAuts
     D:3: 874 daAuts
     D:2: 816 daAuts
     D:1: 633 daAuts
     D:5: 369 daAuts
